 Dungeon Crawl Stone Soup version 0.26.1-10-gdfb7c7de75 (webtiles) character file.

Game seed: 12737946474511358279

120 oldmanjim the Ruffian (level 4, -11/40 HPs)
             Began as a Draconian Transmuter on Mar 31, 2021.
             Killed by divine providence
             ... invoked by an orc priest
              (15 damage)
             ... on level 3 of the Dungeon.
             The game lasted 00:13:21 (3670 turns).

oldmanjim the Ruffian (Draconian Transmuter)        Turns: 3670, Time: 00:13:22

Health: -11/40     AC:  5    Str: 13    XL:     4   Next: 75%
Magic:  7/7        EV:  9    Int: 14    God:
Gold:   81         SH:  6    Dex: 11    Spells: 6/7 levels left

rFire    . . .     SeeInvis .     - Unarmed
rCold    . . .     Faith    .   a - +0 kite shield
rNeg     . . .     Spirit   .   (armour unavailable)
rPois    .         Reflect  .   (helmet restricted)
rElec    .         Harm     .   (no cloak)
rCorr    .         Rampage  .   (no gloves)
Will     .....                  (no boots)
Stlth    +.........             (no amulet)
HPRegen  0.13/turn              (no ring)
MPRegen  0.10/turn              (no ring)

@: no status effects
A: unfitting armour, cold-blooded, AC +5
a: no special abilities


You were on level 3 of the Dungeon.
You visited 1 branch of the dungeon, and saw 3 of its levels.

You collected 81 gold pieces.

Inventory:

Hand Weapons
 b - a +0 hunting sling
 n - a +0 dagger of speed
Missiles
 j - 8 poisoned darts (quivered)
 l - 97 stones
 o - 6 boomerangs
 p - 17 sling bullets
Armour
 a - a +0 kite shield (worn)
Jewellery
 k - an uncursed ring of protection from cold {unknown}
Scrolls
 f - a scroll of blinking {unknown}
 g - a scroll of teleportation {unknown}
 h - 2 scrolls of remove curse {unknown}
 i - 2 scrolls of identify {unknown}
Potions
 c - 2 potions of berserk rage {unknown}
 d - 2 potions of curing {unknown}
 e - a potion of mutation {unknown}
 m - a potion of heal wounds {unknown}
 q - a potion of magic {unknown}


   Skills:
 * Level 3.7 Fighting
 - Level 1.7 Dodging
 + Level 3.7 Unarmed Combat
 - Level 2.0 Spellcasting
 + Level 3.0 Transmutations


You had 6 spell levels left.
You knew the following spells:

 Your Spells              Type           Power        Failure   Level
a - Beastly Appendage     Tmut           18%          43%         1

Your spell library contained the following spells:

 Spells                   Type           Power        Failure   Level
 Wereblood                Tmut           9%           58%         2
 Spider Form              Tmut/Pois      2%           95%         3
 Ice Form                 Ice/Tmut       5%           100%        4
 Blade Hands              Tmut           4%           100%        5


Dungeon Overview and Level Annotations

Branches:
Dungeon (3/15)

Altars:

Annotations:
D:2 1 runed translucent door, exclusion: door, Crazy Yiuf


Innate Abilities, Weirdness & Mutations

Your plain brown scales are hard. (AC +5)
You cannot fit into any form of body armour.
You are cold-blooded and may be slowed by cold attacks.


Message History

You are too injured to fight recklessly!
You are too injured to fight recklessly!
You are too injured to fight recklessly!
You closely miss the orc priest.
The orc priest is severely wounded.
The orc priest looks satisfied for a moment.
You barely miss the orc priest.
The orc priest is severely wounded.
The orc priest hits you with a +0 trident.
You hit the orc priest.
The orc priest is severely wounded.
You block the orc priest's attack.
You closely miss the orc priest.
The orc priest is severely wounded.
The orc priest mumbles some strange prayers to Beogh against you.
Beogh smites you!
* * * LOW HITPOINT WARNING * * *
The orc priest invokes the aid of Beogh against you.
Beogh smites you!
You die...

#############
#@.o(...(...#
###########.#
..........>#
.#########o#
#o#
#.......(o...
#.........(..
#.....(......
######+######


You could see an orc priest.

Vanquished Creatures
  An orc priest (D:2)
  Robin (D:2)
  2 adders (D:2)
  An ooze (D:1)
  A worm (D:2)
  3 leopard geckos (D:2)
  3 orcs
  2 giant cockroaches
  14 goblins
  6 hobgoblins
  A quokka (D:3)
  3 bats
  2 frilled lizards
  7 kobolds
  A rat (D:2)
48 creatures vanquished.

Notes
Turn   | Place    | Note
-------+----------+-------------------------------------------
     0 | D:1      | oldmanjim the Draconian Transmuter began the quest for the
                  | Orb.
     0 | D:1      | Reached XP level 1. HP: 16/16 MP: 3/3
   426 | D:1      | Reached XP level 2. HP: 17/24 MP: 5/5
  1458 | D:2      | Reached XP level 3. HP: 19/30 MP: 6/6
  1921 | D:2      | Noticed Robin
  2581 | D:2      | Found a runed translucent door.
  2582 | D:2      | Noticed Crazy Yiuf
  2617 | D:2      | Reached XP level 4. HP: 38/38 MP: 7/7
  2643 | D:2      | Killed Robin
  3670 | D:3      | Killed from afar by an orc priest

Illustrated notes

Levels and vault maps discovered:
D:1:      roderic_octagonal_star, layout_basic
D:2:      layout_loops_ring, uniq_robin, uniq_crazy_yiuf_cottage
D:3:      layout_basic, uniq_terence, uniq_sigmund

Skill      XL: |  1  2  3  4 |
---------------+-------------+-----
Fighting       | 2 3 |  3.7
Transmutations | 3 |  3.0
Dodging        | |  1.7
Unarmed Combat | |  3.7
Spellcasting   | |  2.0

Action                   |  1- 3 |  4- 6 || total
-------------------------+-------+-------++-------
Melee: Unarmed           |   131 |    36 ||   167
       Tailslap          |    19 |     5 ||    24
       Kick              |     1 |       ||     1
 Fire: Hunting sling     |    28 |    27 ||    55
Throw: Dart              |       |    11 ||    11
 Cast: Beastly Appendage |     1 |       ||     1
 Stab: Sleeping          |     1 |       ||     1
Armor: Skin              |    71 |     8 ||    79
Dodge: Dodged            |    53 |    18 ||    71
Block: Kite shield       |    43 |    11 ||    54
